 Dungeon Crawl Stone Soup version 0.24.0-37-gcf1ca852f1 (webtiles) character file.

Game seed: 11683925000472376094, levelgen mode: deterministic

3183 Delamore the Severer (level 9, 0/70 HPs)
             Began as a Hill Orc Fighter on Dec 7, 2019.
             Was a Believer of Okawaru.
             Impaled on a porcupine's spines (11 damage)
             ... on level 7 of the Dungeon.
             The game lasted 00:16:00 (8057 turns).

Delamore the Severer (Hill Orc Fighter)             Turns: 8057, Time: 00:16:01

Health: 0/70       AC: 13    Str: 20    XL:     9   Next: 95%
Magic:  9/9        EV:  5    Int:  8    God:    Okawaru [**....]
Gold:   399        SH:  9    Dex: 12    Spells: 8/8 levels left

rFire    . . .     SeeInvis .   e - +4 spear (pierce)
rCold    . . .     Gourm    .   c - +0 shield
rNeg     . . .     Faith    .   G - +0 chain mail
rPois    +         Spirit   .   (helmet restricted)
rElec    .         Reflect  .   (no cloak)
rCorr    .         Harm     .   z - +1 pair of gloves
MR       .....                  (no boots)
Stlth    ..........             (no amulet)
HPRegen  0.21/turn              K - +4 ring of slaying
MPRegen  0.11/turn              J - ring of poison resistance

@: no status effects
A: horns 1, yellow scales 1
a: Heroism, Renounce Religion


You were on level 7 of the Dungeon.
You worshipped Okawaru.
Okawaru was pleased with you.
You were not hungry.

You visited 2 branches of the dungeon, and saw 9 of its levels.

You collected 399 gold pieces.

Inventory:

Hand Weapons
 b - a +1 battleaxe
 e - a +4 spear of piercing (weapon)
Missiles
 n - 49 poisoned darts (quivered)
Armour
 c - a +0 shield (worn)
 w - a +0 helmet
 z - a +1 pair of gloves (worn)
 G - a +0 chain mail (worn)
Jewellery
 t - an uncursed ring of protection from magic
 J - a ring of poison resistance (right hand)
 K - a +4 ring of slaying (left hand)
 L - a +1 ring of evasion
Wands
 d - a wand of flame (19)
 v - a wand of digging (6)
 F - a wand of acid (5)
Scrolls
 i - a scroll of enchant armour
 j - a scroll of remove curse {unknown}
 m - a scroll of blinking {unknown}
 q - a scroll of enchant weapon
 s - a scroll of teleportation
Potions
 g - 7 potions of curing
 h - a potion of cancellation
 o - a potion of invisibility
 x - a potion of heal wounds
 C - a potion of magic {unknown}
 D - 2 potions of brilliance
 H - a potion of flight
 I - a potion of haste
Comestibles
 a - 2 chunks of flesh
 f - 18 rations


   Skills:
 - Level 3.6 Fighting
 + Level 16.5 Axes
 - Level 3.2 Armour
 - Level 3.2 Shields


You had 8 spell levels left.
You didn't know any spells.
Your spell library contained the following spells:

 Spells                   Type           Power        Failure   Level  Hunger
 Animate Skeleton         Necr           N/A          100%        1    ##.....
 Beastly Appendage        Tmut           #.....       100%        1    ##.....
 Corona                   Hex            #......      100%        1    ##.....
 Freeze                   Ice            #...         100%        1    ##.....
 Pain                     Necr           #...         100%        1    ##.....
 Ensorcelled Hibernation  Hex/Ice        #.....       100%        2    ###....
 Sticks to Snakes         Tmut           #.......     100%        2    ###....
 Throw Frost              Conj/Ice       #.....       100%        2    ###....
 Confuse                  Hex            #.......     100%        3    ####...
 Dazzling Spray           Conj/Hex       #.....       100%        3    ####...
 Ozocubu's Armour         Chrm/Ice       #.......     100%        3    ####...
 Regeneration             Chrm/Necr      #.........   100%        3    ####...
 Spider Form              Tmut/Pois      #.........   100%        3    ####...
 Tukima's Dance           Hex            #.......     100%        3    ####...
 Vampiric Draining        Necr           #.........   100%        3    ####...
 Animate Dead             Necr           N/A          100%        4    #####..
 Ice Form                 Ice/Tmut       #.......     100%        4    #####..
 Summon Ice Beast         Ice/Summ       #.......     100%        4    #####..
 Throw Icicle             Conj/Ice       #.......     100%        4    #####..
 Blade Hands              Tmut           #.........   100%        5    ######.


Dungeon Overview and Level Annotations

Branches:
Dungeon (8/15)             Temple (1/1) D:6
   Lair: D:8-11

Altars:
Ashenzari
Dithmenos
Elyvilon
Fedhas
Hepliaklqana
Makhleb
Nemelex Xobeh
Okawaru
Qazlal
Ru
Sif Muna
Trog
Uskayaw
Vehumet
Wu Jian
Yredelemnul
Zin
The Shining One

Annotations:
D:8 Grum


Innate Abilities, Weirdness & Mutations

You have a pair of small horns on your head.
You are partially covered in yellow scales. (AC +2)


Message History

You block the bullfrog's attack.
The bullfrog hits you but does no damage.
You hit the bullfrog.
You kill the bullfrog!
Okawaru accepts your kill. The porcupine bites you!
There is a stone staircase leading up here.
The porcupine bites you but does no damage.
You climb upwards.
There is a stone staircase leading down here.
You are struck by the porcupine's spines.
* * * LOW HITPOINT WARNING * * *
You puncture the porcupine!
The porcupine is heavily wounded.
You block the porcupine's attack.
You hit the porcupine.
The porcupine is severely wounded.
You block the porcupine's attack.
You are struck by the porcupine's spines.
You die...

######.......#.#.....'...#.#
#.'.......#.#.....###†#.#
#.#.........#.....# #.#.#
#.##.#............# #.#.#
#.##.#.....#......# #.#.#
#.##.#...[.#......###.#.#
#.##.#.....#..#.....#.#.#
#.##.#.....##.#####.#.#.#
#.##.'.....'.@r.....#.#.#
#.####.....#######..#.#.#
#.#........### #..#.#.#
#.#.#........# #..#.#.#
#.#.#.####._.#####..#.#.#
#.#<#.......§.......#.#.#
#.########..######.##.#.#
#...........# #.##.#.#
###########.# #.##.#.#


You could see a porcupine.

Vanquished Creatures
  Pikel (D:6)
  A slime creature (D:6)
  A spriggan (D:7)
  Edmund (D:4)
  Duvessa (D:6)
  A phantom (D:7)
  A slave (D:6)
  2 ice beasts
  A necrophage (D:6)
  2 wolves (D:8)
  An ogre (D:7)
  Blork the orc (D:5)
  3 bullfrogs
  A gnoll sergeant (D:7)
  A wyvern skeleton (D:6)
  Dowan (D:6)
  A scorpion (D:5)
  4 howler monkeys
  A bullfrog zombie (D:6)
  5 jellies
  An orc priest (D:4)
  A centaur skeleton (D:4)
  2 hounds (D:7)
  4 orc wizards
  3 worker ants (D:7)
  A hound zombie (D:5)
  A worker ant zombie (D:6)
  Robin (D:2)
  11 adders
  12 gnolls
  15 oozes
  3 adder skeletons (D:4)
  2 worms (D:2)
  A dart slug (D:4)
  4 leopard geckos
  14 orcs
  5 bats (D:1)
  6 giant cockroaches
  13 hobgoblins
  9 jackals
  11 kobolds
  3 quokkas
  A ball python skeleton (D:4)
  4 frilled lizards
  12 goblins
  A jackal skeleton (D:4)
  A leopard gecko skeleton (D:6)
  A quokka zombie (D:3)
  6 rats
180 creatures vanquished.

Vanquished Creatures (others)
  2 slaves (D:6)
  2 leopard geckos (D:6)
  7 fungi (D:6)
11 creatures vanquished.

Grand Total: 191 creatures vanquished

Notes
Turn   | Place    | Note
-------+----------+-------------------------------------------
     0 | D:1      | Delamore the Hill Orc Fighter began the quest for the Orb.
     0 | D:1      | Reached XP level 1. HP: 19/19 MP: 1/1
    85 | D:1      | Reached skill level 3 in Axes
   301 | D:1      | Reached XP level 2. HP: 24/26 MP: 2/2
   444 | D:1      | Reached skill level 4 in Axes
   715 | D:1      | Reached XP level 3. HP: 31/31 MP: 3/3
  1162 | D:2      | Reached skill level 5 in Axes
  1214 | D:2      | Reached XP level 4. HP: 30/39 MP: 4/4
  1352 | D:2      | Reached skill level 6 in Axes
  1580 | D:2      | Reached XP level 5. HP: 10/45 MP: 5/5
  1969 | D:2      | Reached skill level 7 in Axes
  2086 | D:2      | Noticed Robin
  2115 | D:2      | Killed Robin
  2338 | D:3      | Found a hazy altar of Hepliaklqana.
  2503 | D:3      | Found a bloodstained altar of Trog.
  3207 | D:4      | Reached skill level 8 in Axes
  3207 | D:4      | Reached XP level 6. HP: 44/51 MP: 6/6
  3509 | D:4      | Reached skill level 9 in Axes
  3639 | D:4      | Noticed Edmund
  3675 | D:4      | Killed Edmund
  3675 | D:4      | Reached XP level 7. HP: 34/57 MP: 7/7
  3809 | D:4      | You fall into a shaft and drop 1 floor!
  3809 | D:5      | Entered Level 5 of the Dungeon
  3812 | D:5      | Reached skill level 10 in Axes
  3972 | D:5      | Noticed Blork the orc
  3997 | D:5      | Killed Blork the orc
  4220 | D:5      | Reached skill level 11 in Axes
  4614 | D:6      | Found a glowing golden altar of the Shining One.
  4695 | D:6      | Noticed Pikel
  4709 | D:6      | Killed Pikel
  4709 | D:6      | Reached skill level 12 in Axes
  4709 | D:6      | Reached XP level 8. HP: 28/64 MP: 8/8
  4945 | D:6      | Reached skill level 13 in Axes
  5154 | D:6      | Found a staircase to the Ecumenical Temple.
  5228 | Temple   | Entered the Ecumenical Temple
  5617 | Temple   | Became a worshipper of Warmaster Okawaru
  5833 | D:6      | Noticed a slime creature
  5840 | D:6      | Reached XP level 9. HP: 70/70 MP: 9/9
  5852 | D:6      | Reached skill level 14 in Axes
  5881 | D:6      | Reached * piety under Okawaru
  6534 | D:6      | Noticed Dowan
  6543 | D:6      | Killed Dowan
  6952 | D:7      | Gained mutation: Scrolls take you a little longer to read.
                  | [potion of mutation]
  6952 | D:7      | Gained mutation: Potions are less effective at restoring
                  | your health. [potion of mutation]
  6952 | D:7      | Gained mutation: You are somewhat resistant to further
                  | mutation. [potion of mutation]
  6953 | D:7      | Lost mutation: Scrolls take you a little longer to read.
                  | [potion of mutation]
  6953 | D:7      | Lost mutation: Potions are less effective at restoring your
                  | health. [potion of mutation]
  6953 | D:7      | Lost mutation: You are somewhat resistant to further
                  | mutation. [potion of mutation]
  6953 | D:7      | Gained mutation: You have a pair of small horns on your
                  | head. [potion of mutation]
  6953 | D:7      | Gained mutation: You are partially covered in yellow
                  | scales. (AC +2) [potion of mutation]
  6975 | D:7      | Reached skill level 15 in Axes
  7504 | D:7      | Found a blossoming altar of Fedhas.
  7559 | D:7      | Reached ** piety under Okawaru
  7559 | D:7      | Reached skill level 16 in Axes
  7592 | D:7      | Found a shadowy altar of Dithmenos.
  7800 | D:6      | Noticed Duvessa
  7816 | D:6      | Killed Duvessa
  7972 | D:8      | Found a shattered altar of Ashenzari.
  7998 | D:8      | Noticed Grum
  8057 | D:7      | Impaled on a porcupine's spines

Levels and vault maps discovered:
D:1:      shiori_shiawase, layout_loops_corners
D:2:      layout_rooms, uniq_robin
D:3:      layout_basic, nicolae_overflow_hidden_temple,
          overflow_temple_1_default
D:4:      layout_loops_corners, first_ration, uniq_edmund
D:5:      layout_loops_ring, fountainhead, kennysheep_boxes, uniq_blork_the_orc
D:6:      lemuel_slime, layout_basic, overflow_temple_1_default, temple_pool_b,
          uniq_duvessa, uniq_pikel
D:7:      layout_basic, marbit_many_paths, the_bakery, grunt_dithmenos_smoke
D:8:      layout_loops_cross, ashenzari_altar_1, overflow_temple_1_default,
          minmay_lair_entry_grove, serial_shops, shop_statue, serial_ice,
          serial_ice_i, serial_ice_b, serial_ice_m, serial_ice_h, uniq_grum,
          uniq_erica, uniq_joseph
Temple:   minmay_temple_forest_path

Skill      XL: |  1  2  3  4  5  6  7  8  9 |
---------------+----------------------------+-----
Axes           | 3 4 5 6 8 9 12 13 16 | 16.5
Fighting       | |  3.6
Armour         | |  3.2
Shields        | |  3.2

Action                   |  1- 3 |  4- 6 |  7- 9 || total
-------------------------+-------+-------+-------++-------
Melee: War axe           |    91 |   247 |   235 ||   573
       Spear             |       |       |    78 ||    78
       Headbutt          |       |       |    20 ||    20
Throw: Dart              |       |       |    12 ||    12
Evoke: Wand              |       |       |     1 ||     1
  Use: Scroll            |       |       |    19 ||    19
       Potion            |       |       |     3 ||     3
  Eat: Chunk             |     1 |     5 |    14 ||    20
       Ration            |       |     1 |       ||     1
Armor: Scale mail        |    31 |    77 |       ||   108
       Chain mail        |       |    28 |   158 ||   186
Dodge: Dodged            |    32 |    61 |    50 ||   143
Block: Shield            |    55 |   116 |   136 ||   307
